 Dungeon Crawl Stone Soup version 0.27-a0-77-gd04b7445b5 (webtiles) character file.

Game seed: 14717549308056316280

1273 kae the Insei (level 8, -5/54 HPs)
             Began as an Octopode Transmuter on Jan 12, 2021.
             Killed from afar by an orc priest (16 damage)
             ... with a bolt of acid
             ... on level 5 of the Dungeon on Jan 13, 2021.
             The game lasted 00:07:49 (5743 turns).

kae the Insei (Octopode Transmuter)                 Turns: 5743, Time: 00:07:49

Health: -5/54      AC: -2    Str: 12    XL:     8   Next: 53%
Magic:  10/14      EV: 28    Int: 15    God:
Gold:   240        SH:  0    Dex: 23    Spells: 7/15 levels left

rFire    . . .     SeeInvis .     - Unarmed
rCold    . . .     Faith    .   (shield currently unavailable)
rNeg     + . .     Spirit   .   (helmet currently unavailable)
rPois    x         Reflect  .   a - amulet of regeneration
rElec    .         Harm     .   g - ring of positive energy
rCorr    .         Rampage  .   b - +4 ring of evasion
Will     .....                  l - +6 ring of dexterity
Stlth    ++........             (no ring)
HPRegen  0.58/turn              (no ring)
MPRegen  0.14/turn              (no ring)
                                (no ring)
                                (no ring)

@: spider-form, corroded
A: tiny, almost no armour, stealthy swim, (amphibious), 8 rings, (constrict 8)
a: End Transformation


You were on level 5 of the Dungeon.
You were a venomous arachnid creature.
You visited 2 branches of the dungeon, and saw 6 of its levels.
You also visited: Sewer.

You collected 240 gold pieces.

Inventory:

Armour
 j - the +0 kite shield of Nuvegeir {rPois Will- Int+7 Dex-2 SInv}
   (You found it on level 4 of the Dungeon)

   It affects your intelligence (+7).
   It affects your dexterity (-2).
   It protects you from poison.
   It affects your willpower, your defense against some magical effects.
   It lets you see invisible.
Jewellery
 a - an amulet of regeneration (around neck)
 b - a +4 ring of evasion (right front leg)
 e - an uncursed amulet of magic regeneration
 g - a ring of positive energy (left front leg)
 l - a +6 ring of dexterity (on tentacle)
Wands
 d - a wand of iceblast (10) (quivered)
 f - a wand of random effects (16)
Scrolls
 c - a scroll of remove curse
 h - 3 scrolls of identify
Potions
 i - a potion of might


   Skills:
 + Level 3.8 Fighting
 + Level 4.4 Dodging
 * Level 6.4 Unarmed Combat
 + Level 4.0 Spellcasting
 + Level 4.2 Transmutations
 - Level 3.0 Poison Magic


You had 7 spell levels left.
You knew the following spells:

 Your Spells              Type           Power        Failure   Level
a - Beastly Appendage     Tmut           30%          11%         1
b - Spider Form           Tmut/Pois      6%           28%         3
c - Ice Form              Ice/Tmut       9%           78%         4

Your spell library contained the following spells:

 Spells                   Type           Power        Failure   Level
 Wereblood                Tmut           15%          14%         2
 Blade Hands              Tmut           7%           83%         5


Dungeon Overview and Level Annotations

Branches:
Dungeon (5/15)             Temple (1/1) D:5           Sewer (visited)

Altars:
Cheibriados
Dithmenos
Elyvilon
Hepliaklqana
Makhleb
Nemelex Xobeh
Qazlal
Trog
Xom
Yredelemnul

Annotations:
D:4 exclusion: Ijyb


Innate Abilities, Weirdness & Mutations

You cannot wear most types of armour.
You are very stealthy in the water. (Stealth+)
((You are amphibious.))
You can wear up to eight rings at the same time.
((You can use your tentacles to constrict eight enemies at once.))
((Your skin changes colour to match your surroundings (Stealth+).))
((Your rubbery body absorbs attacks. (AC +1, EV +1)))


Message History

The white imp is severely wounded.
The white imp completely misses you.
You hit the white imp but do no damage.
The white imp is poisoned.
The white imp is severely wounded.
The white imp gestures at you. The puff of frost misses you.
You bite the white imp!
You kill the white imp!
Your transformation is almost over.
Your transformation has ended.
An orc priest comes into view.
It is wielding a +0 hand axe and carrying a wand of acid (13).
An orc priest is nearby!
Casting: Spider Form (dangerous; 12% risk of failure)
Confirm with . or Enter, or press ? or * to list all spells.
You turn into a venomous arachnid creature.
The orc priest zaps a wand.
The bolt of acid hits you! The acid corrodes you!
You are splashed with acid!
* * * LOW HITPOINT WARNING * * *
The orc priest zaps a wand.
The bolt of acid hits you!
You die...

....... #.# .....
#.# ... #.# #e#
#.# ##.# #.# #..#
#.# #.## #(#
#.####o#########.#
#.......s........#
#####<########.###
#...## #.##
#.#..#####..#
#.#.........# ..
#.#.##...##.# #.#
#.#.##...##.# #.#
#.#.........# #.#
#......>....# #.#
#.


You could see an orc priest.

Vanquished Creatures
  Menkaure (D:4)
  Duvessa (D:5)
  A sky beast (D:5)
  An ogre (D:4)
  A centaur (D:5)
  2 bullfrogs (Sewer)
  Dowan (D:5)
  A bullfrog zombie (D:5)
  A hound (D:5)
  2 bullfrog skeletons
  A centaur skeleton (D:4)
  An orc priest (D:3)
  Crazy Yiuf (D:2)
  An iguana (D:4)
  Ijyb (D:4)
  3 worker ants
  Robin (D:4)
  10 adders
  3 gnolls (D:4)
  A shadow imp (D:5)
  A white imp (D:5)
  2 oozes
  4 dart slugs
  3 worms (D:3)
  8 leopard geckos
  11 orcs
  5 ball pythons
  15 giant cockroaches
  8 hobgoblins
  3 jackals (D:1)
  4 bats
  5 frilled lizards
  15 goblins
  9 kobolds
  A leopard gecko skeleton (D:5)
  A quokka zombie (D:5)
  5 rats
135 creatures vanquished.

Vanquished Creatures (others)
  A fungus (D:2)
1 creature vanquished.

Grand Total: 136 creatures vanquished

Notes
Turn   | Place    | Note
-------+----------+-------------------------------------------
     0 | D:1      | kae the Octopode Transmuter began the quest for the Orb.
     0 | D:1      | Reached XP level 1. HP: 13/13 MP: 3/3
   360 | D:1      | Reached XP level 2. HP: 18/18 MP: 3/5
   974 | D:2      | Reached XP level 3. HP: 10/23 MP: 4/6
  1290 | D:2      | Learned a level 3 spell: Spider Form
  1485 | D:2      | Found a runed translucent door.
  1486 | D:2      | Noticed Crazy Yiuf
  1515 | D:2      | Reached XP level 4. HP: 24/29 MP: 5/7
  2430 | D:2      | Killed Crazy Yiuf
  2598 | D:3      | Reached XP level 5. HP: 23/34 MP: 6/8
  2648 | D:3      | Reached skill level 4 in Unarmed Combat
  2652 | D:3      | Reached skill level 1 in Poison Magic
  2678 | D:3      | Found a glowing drain.
  2707 | Sewer    | Entered a sewer
  2922 | Sewer    | Reached XP level 6. HP: 25/40 MP: 10/10
  3710 | D:4      | Noticed Menkaure
  3723 | D:4      | Noticed Ijyb
  3736 | D:4      | Reached XP level 7. HP: 37/45 MP: 9/11
  3800 | D:4      | Noticed Robin
  3827 | D:4      | Killed Robin
  3954 | D:4      | Upgraded the game from 0.27-a0-75-g9f9dfd16e9 to
                  | 0.27-a0-77-gd04b7445b5
  3960 | D:4      | Reached skill level 5 in Unarmed Combat
  4270 | D:4      | Got a bloodstained kite shield
  4279 | D:4      | Identified the cursed +0 kite shield of Nuvegeir {rPois
                  | Will- Int+7 Dex-2 SInv} (You found it on level 4 of the
                  | Dungeon)
  4365 | D:4      | Killed Ijyb
  4418 | D:4      | Found a burning altar of Makhleb.
  4418 | D:4      | Noticed a blizzard demon
  4486 | D:4      | Learned a level 4 spell: Ice Form
  4561 | D:4      | Killed Menkaure
  4604 | D:5      | Entered Level 5 of the Dungeon
  4734 | D:5      | Reached XP level 8. HP: 46/52 MP: 10/13
  4932 | D:5      | Found a staircase to the Ecumenical Temple.
  4944 | Temple   | Entered the Ecumenical Temple
  5455 | D:5      | Reached skill level 6 in Unarmed Combat
  5668 | D:5      | Noticed Duvessa
  5668 | D:5      | Noticed Dowan
  5691 | D:5      | HP: 2/53 [Duvessa/+2 rapier of flaming (11)]
  5692 | D:5      | Killed Duvessa
  5695 | D:5      | Killed Dowan
  5743 | D:5      | Killed from afar by an orc priest

Illustrated notes

Levels and vault maps discovered:
D:1:      eino_arrival_water_cross, layout_loops_ring
D:2:      layout_basic, due_unseen_surprise, uniq_crazy_yiuf_cottage
D:3:      layout_rooms, cheibrodos_sewer_entry_drain
D:4:      layout_cave_pools, makhleb_altar_promises_db, uniq_ijyb,
          uniq_menkaure, uniq_robin
D:5:      layout_loops_ring, minmay_temple_entry_stoned_glass,
          kennysheep_potato, uniq_duvessa
Temple:   jpeg_temple_island

Skill      XL: |  1  2  3  4  5  6  7  8 |
---------------+-------------------------+-----
Fighting       | 2 3 |  3.8
Unarmed Combat | 4 5 6 |  6.4
Poison Magic   | 2 3 |  3.0
Dodging        | 3 4 |  4.4
Transmutations | 3 4 |  4.2
Spellcasting   | 3 4 |  4.0

Action                   |  1- 3 |  4- 6 |  7- 9 || total
-------------------------+-------+-------+-------++-------
Melee: Unarmed           |    57 |   163 |   160 ||   380
       Constrict         |    15 |    43 |    10 ||    68
       Kick              |    12 |    22 |     3 ||    37
       Tentacles         |     6 |    23 |     3 ||    32
       Punch             |     1 |     2 |       ||     3
 Cast: Beastly Appendage |    17 |    32 |     2 ||    51
       Spider Form       |       |     3 |    17 ||    20
       Ice Form          |       |       |     1 ||     1
  Use: Scroll            |     2 |     8 |     3 ||    13
       Potion            |       |     2 |     1 ||     3
 Stab: Sleeping          |     4 |     4 |     2 ||    10
Armor: Skin              |     4 |    12 |     4 ||    20
Dodge: Dodged            |    40 |   121 |   135 ||   296

Table legend: (Time is in decaauts)
 A = Elapsed time spent in this place.
 B = Non-inter-level travel time spent in this place.
 C = Inter-level travel time spent in this place.
 D = Time resting spent in this place.
 E = Time spent auto-exploring this place.
 F = Levels seen in this place.
 G = Mean time per level.
                   A        B        C        D        E       F      G
               +--------+--------+--------+--------+--------+-----+--------+
         Total |   5710 |   5536 |    174 |    488 |   3920 |   7 |  815.7 |
       Dungeon |   4922 |   4768 |    154 |    434 |   3339 |   5 |  984.4 |
        Temple |    461 |    442 |     19 |      0 |    442 |   1 |  461.0 |
         Sewer |    327 |    327 |      0 |     54 |    139 |   1 |  327.0 |
               +--------+--------+--------+--------+--------+-----+--------+

Top non-repeatable levels by time:
     D:2: 1651 daAuts
     D:1: 973 daAuts
     D:4: 950 daAuts
     D:3: 679 daAuts
     D:5: 666 daAuts
  Temple: 461 daAuts
   Sewer: 327 daAuts
